 Dungeon Crawl Stone Soup version 0.21-a0-426-g98080a9 (webtiles) character file.

676 kae the Digger (level 7, -1/40 HPs)
             Began as a Gargoyle Earth Elementalist on Nov 6, 2017.
             Was an Initiate of Vehumet.
             Slain by an orc warrior
             ... wielding a +0 long sword
              (20 damage)
             ... on level 4 of the Dungeon.
             The game lasted 00:05:12 (6568 turns).

kae the Digger (Gargoyle Earth Elementalist)        Turns: 6568, Time: 00:05:13

Health: -1/40      AC:  6    Str: 11    XL:     7   Next: 59%
Magic:  7/13       EV: 12    Int: 18    God:    Vehumet [......]
Gold:   162        SH:  0    Dex: 10    Spells: 10/14 levels left

rFire    . . .     SeeInvis .   h - +0 hand axe
rCold    . . .     Gourm    .   (no shield)
rNeg     + . .     Faith    .   c - +0 robe
rPois    ∞         Spirit   .   (no helmet)
rElec    +         Reflect  .   (no cloak)
rCorr    .         Harm     .   (no gloves)
MR       +....                  (no boots)
Stlth    ++........             v - amulet of magic regeneration
HPRegen  0.13/turn              m - ring of protection from magic
MPRegen  0.38/turn              (no ring)

@: no status effects
A: negative energy resistance 1, electricity resistance, unbreathing,
petrification resistance, rot immunity, AC +4
a: Renounce Religion


You were on level 4 of the Dungeon.
You worshipped Vehumet.
Vehumet was noncommittal.
You were not hungry.

You visited 2 branches of the dungeon, and saw 6 of its levels.

You collected 162 gold pieces.

Inventory:

Hand Weapons
 h - a +0 hand axe (weapon)
Missiles
 b - 169 stones (quivered)
Armour
 c - a +0 robe (worn)
Jewellery
 g - an uncursed ring of ice
 m - a ring of protection from magic (left hand)
 o - an uncursed ring of fire
 v - an amulet of magic regeneration (around neck)
Wands
 n - a wand of disintegration (8/24)
Scrolls
 l - a scroll of fear {unknown}
 p - a scroll of immolation {unknown}
 q - 4 scrolls of teleportation
 s - 2 scrolls of identify
Potions
 a - 2 potions of haste
 f - 2 potions of curing
 k - a potion of mutation {unknown}
 r - a potion of might {unknown}
 t - a potion of degeneration {unknown}
Books
 e - a book of Geomancy

   Spells                             Type                      Level
   a - Sandblast                      Earth                        1
   b - Passwall                       Transmutation/Earth          2
   c - Stone Arrow                    Conjuration/Earth            3
   d - Petrify                        Transmutation/Earth          4
   e - Lee's Rapid Deconstruction     Earth                        5
Comestibles
 d - a bread ration
 i - 2 royal jellies
 j - 6 fruits


   Skills:
 + Level 2.5 Fighting
 + Level 2.5 Dodging
 - Level 2.1 Stealth
 * Level 4.4 Spellcasting
 * Level 3.8 Conjurations
   Level 0.7 Transmutations
 * Level 6.2 Earth Magic


You had 10 spell levels left.
You knew the following spells:

 Your Spells              Type           Power        Failure   Level  Hunger
a - Sandblast             Erth           ####..       1%          1    None
b - Stone Arrow           Conj/Erth      ###...       5%          3    ###....


Dungeon Overview and Level Annotations

Branches:
Dungeon (5/15)             Temple (1/1) D:4

Altars:
Ashenzari
Dithmenos
Fedhas
Hepliaklqana
Kikubaaqudgha
Nemelex Xobeh
Qazlal
Ru
Sif Muna
Trog
Uskayaw
Vehumet
Xom
Yredelemnul
The Shining One


Innate Abilities, Weirdness & Mutations

You are resistant to torment.
Your stone body is resilient. (AC +4)
You are immune to poison.
You resist negative energy. (rN+)
You are resistant to electric shocks. (rElec)
You can survive without breathing.
You are immune to petrification.
You are immune to rotting.


Message History

Unknown command.
Casting: Sandblast
Confirm with . or Enter, or press ? or * to list all spells.
Aiming: Sandblast
Press: ? - help, Shift-Dir - straight line, f - orc warrior
Aim: an orc warrior, wielding a long sword and wearing a chain mail (heavily wounded)
The blast of sand misses the orc warrior.
b - 170 stones The orc warrior hits you with a long sword.
Casting: Sandblast
Confirm with . or Enter, or press ? or * to list all spells.
Aiming: Sandblast
Press: ? - help, Shift-Dir - straight line, f/p - orc warrior
Aim: an orc warrior, wielding a long sword and wearing a chain mail (heavily wounded)
The blast of sand hits the orc warrior.
The orc warrior is heavily wounded.
b - 169 stones The orc warrior hits you with a long sword!!
Ouch! That really hurt!
You die...

#.###.# ##...## #.# #.#
#.# ##'## #.#
#.###.######.# #.#
#.........##.# #.#
#.#..........## #.#
#.#.#.###.#...########.#
#.#.#.###..............#
#.#.#.....#...#.########
#.#.##....#@o##.#
#...............#
###.#######.#####
#.........# ###########


You could see an orc warrior.

Vanquished Creatures
  An ogre (D:3)
  A howler monkey (D:4)
  2 crimson imps (D:5)
  An orc priest (D:5)
  A bullfrog skeleton (D:2)
  2 centaur skeletons (D:4)
  Terence (D:2)
  An iguana (D:4)
  Natasha (D:2)
  4 worker ants (D:4)
  A hound skeleton (D:4)
  Robin (D:2)
  6 adders
  A howler monkey skeleton (D:2)
  5 worms
  3 dart slugs
  7 leopard geckos
  10 orcs
  2 giant cockroaches
  13 goblins
  5 hobgoblins
  7 kobolds
  3 quokkas
  A ball python (D:3)
  7 bats
  4 frilled lizards
  10 rats
101 creatures vanquished.

Notes
Turn   | Place    | Note
-------+----------+-------------------------------------------
     0 | D:1      | kae the Gargoyle Earth Elementalist began the quest for the Orb.
     0 | D:1      | Reached XP level 1. HP: 10/10 MP: 3/3
   370 | D:1      | Reached skill level 4 in Earth Magic
   370 | D:1      | Reached XP level 2. HP: 7/15 MP: 0/5
   859 | D:1      | Reached XP level 3. HP: 19/19 MP: 6/6
   871 | D:1      | Learned a level 3 spell: Stone Arrow
  1583 | D:2      | Reached skill level 1 in Conjurations
  1583 | D:2      | Reached XP level 4. HP: 8/24 MP: 3/8
  1791 | D:2      | Found a bloodstained altar of Trog.
  1867 | D:2      | Noticed Terence
  2341 | D:2      | Noticed Natasha
  2345 | D:2      | Killed Natasha
  2345 | D:2      | Reached skill level 1 in Fighting
  2345 | D:2      | Reached XP level 5. HP: 19/29 MP: 6/9
  2538 | D:2      | Noticed Robin
  2635 | D:2      | Killed Robin
  2650 | D:2      | Reached skill level 5 in Earth Magic
  2848 | D:2      | Found a hide-covered altar of Uskayaw.
  3232 | D:2      | Killed Terence
  4047 | D:3      | Reached XP level 6. HP: 33/34 MP: 11/11
  4165 | D:3      | You fall through a shaft for 2 floors!
  4165 | D:5      | Entered Level 5 of the Dungeon
  5016 | D:4      | Reached XP level 7. HP: 22/40 MP: 9/13
  5649 | D:4      | Reached skill level 6 in Earth Magic
  5735 | D:4      | Found a staircase to the Ecumenical Temple.
  5841 | Temple   | Entered the Ecumenical Temple
  5902 | Temple   | Became a worshipper of Vehumet
  6568 | D:4      | Slain by an orc warrior

Vault maps used:
D:1:      minmay_arrival_hallway, minmay_misc_feat_chi,
          minmay_misc_feat_nine_boxes
D:2:      lemuel_coloured_pillars_altar, bloody_trog, uniq_robin, uniq_natasha,
          uniq_terence
D:4:      minmay_temple_entry_nine_rooms
D:5:      lemuel_doored_altar, first_bread, serial_shops, shop,
          hangedman_decor_opposing, uniq_menkaure
Temple:   cyrus_circular_temple

Skill      XL: |  1  2  3  4  5  6  7 |
---------------+----------------------+-----
Earth Magic    | 4 5 6 |  6.2
Spellcasting   | 3 4 |  4.4
Conjurations   | 1 2 3 |  3.8
Fighting       | 1 2 |  2.5
Dodging        | 2 |  2.5
Stealth        | |  2.1
Transmutations | |  0.7

Action                   |  1- 3 |  4- 6 |  7- 9 || total
-------------------------+-------+-------+-------++-------
Melee: Unarmed           |    35 |       |       ||    35
       Hand axe          |    60 |   235 |    67 ||   362
 Cast: Sandblast         |    17 |    26 |     9 ||    52
       Stone Arrow       |       |     6 |    13 ||    19
  Use: Scroll            |     3 |     3 |       ||     6
 Stab: Sleeping          |     6 |     5 |       ||    11
  Eat: Chunk             |     2 |    12 |     6 ||    20
Armor: Robe              |    44 |    76 |    24 ||   144
Dodge: Dodged            |    61 |   160 |    52 ||   273

Table legend:
 A = Spawn XP
 B = Non-spawn XP
 C = Spawn XP percentage of total XP
 D = Spawn monster count
 E = Non-spawn monster count
 F = Spawn count percentage of total count
 G = Total turns spent on level
                    A         B        C        D         E        F      G
               +---------+---------+-------+---------+---------+-------+---------
         Total |       0 |     966 |   0.0 |       0 |     101 |   0.0 |  6568
               +---------+---------+-------+---------+---------+-------+---------
           D:1 |       0 |      41 |   0.0 |       0 |      23 |   0.0 |  1189
           D:2 |       0 |     223 |   0.0 |       0 |      31 |   0.0 |  2253
           D:3 |       0 |     209 |   0.0 |       0 |      25 |   0.0 |  1127
           D:4 |       0 |     349 |   0.0 |       0 |      17 |   0.0 |  1553
           D:5 |       0 |     144 |   0.0 |       0 |       5 |   0.0 |   371
               +---------+---------+-------+---------+---------+-------+---------
